 Dungeon Crawl Stone Soup version 0.16.1-18-g436b03c (webtiles) character file.

123 kobby the Shield-Bearer (level 5, 0/41 HPs)
             Began as a Human Fighter on Apr 27, 2015.
             Slain by Mellonil's ghost (1 damage)
             ... on level 3 of the Dungeon on May 5, 2015.
             The game lasted 00:06:18 (2441 turns).

kobby the Shield-Bearer (Human Fighter)             Turns: 2441, Time: 00:06:19

Health: 0/41       AC:  8    Str: 17    XL:     5   Next: 29%
Magic:  5/5        EV:  7    Int:  8    God:
Gold:   100        SH:  9    Dex: 13    Spells: 0 memorised, 4 levels left

rFire  . . .     SeeInvis .     a - +0 long sword
rCold  . . .     Clarity  .     b - +0 scale mail
rNeg   . . .     SustAb   +     c - +0 shield
rPois  .         Gourm    .     (no helmet)
rElec  .         Spirit   .     m - +0 cloak
rCorr  .         Warding  .     (no gloves)
rMut   .         Stasis   .     (no boots)
MR     .....                    (no amulet)
Stlth  ..........               (no ring)
                                k - ring of sustain abilities

@: not resistant to hostile enchantments, extremely unstealthy
A: no striking features
a: no special abilities


You were on level 3 of the Dungeon.
You were not hungry.

You visited 1 branch of the dungeon, and saw 3 of its levels.

You collected 100 gold pieces.

Inventory:

Hand weapons
 a - a +0 long sword (weapon)
Armour
 b - a +0 scale mail (worn)
 c - a +0 shield (worn)
 m - a +0 cloak (worn)
Jewellery
 k - a ring of sustain abilities (left hand)
Scrolls
 g - 3 scrolls of identify
 h - a scroll of teleportation {unknown}
 i - 2 scrolls of remove curse {unknown}
 j - a scroll of noise {unknown}
 n - a scroll of fog {unknown}
 o - a scroll of immolation {unknown}
 p - a scroll of blinking {unknown}
Potions
 e - a potion of might
 f - a potion of invisibility {unknown}
 q - 2 potions of poison {unknown}
 r - 4 potions of degeneration {unknown}
Comestibles
 d - 3 bread rations


   Skills:
 + Level 3.5 Fighting
 + Level 3.1 Long Blades
 + Level 3.5 Armour
 + Level 1.3 Dodging
 + Level 0.2 Stealth
 + Level 3.8 Shields


You had 4 spell levels left.
You didn't know any spells.

Dungeon Overview and Level Annotations

Branches:
Dungeon (3/15)

Altars:
Fedhas
Trog

Annotations:
D:3 Mellonil's ghost, average HOAK


Message History

Mellonil's ghost barely misses you.
You hit Mellonil's ghost.
Mellonil's ghost is almost destroyed.
You block Mellonil's ghost's attack. x2
You hit Mellonil's ghost.
Mellonil's ghost is almost destroyed.
Mellonil's ghost closely misses you.
Your scale mail prevents you from hitting Mellonil's ghost.
Mellonil's ghost is almost destroyed.
You block Mellonil's ghost's attack.
You hit Mellonil's ghost but do no damage.
Mellonil's ghost is almost destroyed.
Mellonil's ghost hits you.
* * * LOW HITPOINT WARNING * * *
Mellonil's ghost hits you.
* * * LOW HITPOINT WARNING * * *
You barely miss Mellonil's ghost.
Mellonil's ghost is almost destroyed.
Mellonil's ghost hits you.
You die...

....#.###..###.#.#.#
....#.# #..#.....#.#
....#.# #..#.#...#.#
..)...# #..#.###.#.#
....### #..........#
....# #....###.###
##### ##### #.# #W#
#@# #####.#
########## #.....#
.........###.#####
.............####
................#
............[##.###
.........######..<#
...####### #####


You could see Mellonil's ghost.

Vanquished Creatures
  6 adders
  2 worms (D:2)
  A giant gecko (D:3)
  2 oozes
  An orc (D:3)
  11 goblins
  5 hobgoblins
  3 jackals (D:2)
  9 kobolds
  A ball python (D:1)
  8 bats
  4 giant cockroaches
  10 rats
63 creatures vanquished.

Notes
Turn   | Place    | Note
--------------------------------------------------------------
     0 | D:1      | kobby, the Human Fighter, began the quest for the Orb.
     0 | D:1      | Reached XP level 1. HP: 18/18 MP: 1/1
    86 | D:1      | Reached XP level 2. HP: 18/24 MP: 2/2
   652 | D:1      | Reached XP level 3. HP: 18/29 MP: 3/3
  1274 | D:2      | Reached skill level 1 in Dodging
  1328 | D:2      | Reached XP level 4. HP: 26/35 MP: 4/4
  1983 | D:2      | Reached XP level 5. HP: 39/41 MP: 5/5
  1988 | D:2      | Found a blossoming altar of Fedhas.
  2248 | D:3      | Found a bloodstained altar of Trog.
  2413 | D:3      | Noticed Mellonil's ghost (average HOAK)
  2433 | D:3      | HP: 2/41 [Mellonil's ghost (5)]
  2440 | D:3      | HP: 2/41 [Mellonil's ghost (1)]
  2441 | D:3      | Slain by Mellonil's ghost

Action                   |  1- 3 |  4- 6 || total
-------------------------+-------+-------++-------
Melee: Long sword        |   125 |   109 ||   234
  Use: Scroll            |     1 |       ||     1
  Eat: Royal jelly       |     1 |     1 ||     2
       Meat ration       |       |     1 ||     1
